 Dungeon Crawl Stone Soup version 0.30.0-3-ga4e48a9924 (webtiles) character file.

Game seed: 16967695611117059003

14 hawla the Firebug (level 2, -2/18 HPs)
             Began as a Meteoran Fire Elementalist on May 7, 2023.
             Slain by an orc
             ... wielding a +0 trident
              (3 damage)
             ... on level 3 of the Dungeon.
             The game lasted 00:01:47 (227 turns).

hawla the Firebug (Meteoran Fire Elementalist)       Turns: 227, Time: 00:01:47

Health: -2/18      AC:  3    Str:  9    XL:     2   Next: 76%
Magic:  2/7        EV: 12    Int: 16    God:
Gold:   7          SH:  0    Dex: 14    Spells: 4/7 levels left

rFire   . . .        (no weapon)
rCold   . . .        (no shield)
rNeg    . . .        a - +0 robe
rPois   +            (helmet restricted)
rElec   .            (no cloak)
rCorr   .            (no gloves)
SInv    .            e - +0 pair of boots
Will    .....        (no amulet)
Stlth   +            (no ring)
HPRegen 0.23/turn    (no ring)
MPRegen 0.10/turn

%: no passive effects
@: glowing
A: sense surroundings 1, otherworldly, glowing, explore regen, horns 1, frail 1,
poison resistance
a: no special abilities


You were on level 3 of the Dungeon.
You visited 1 branch of the dungeon, and saw 3 of its levels.

You collected 7 gold pieces.

Inventory:

Armour
 a - a +0 robe (worn)
 c - a +0 helmet
 e - a +0 pair of boots (worn)
Scrolls
 f - a scroll of identify {unknown}
Potions
 b - a potion of magic
 d - a potion of mutation


   Skills:
 + Level 2.8 Dodging
 - Level 1.4 Stealth
 + Level 3.0 Spellcasting
 + Level 1.2 Conjurations
 + Level 4.1 Fire Magic


You had 4 spell levels left.
You knew the following spells:

 Your Spells              Type           Power      Damage    Failure   Level
a - Foxfire               Conj/Fire      44%        2x1d6     6%          1
b - Scorch                Fire           30%        2d6       5%          2

Your spell library contained the following spells:

 Spells                   Type           Power      Damage    Failure   Level
 Sandblast                Erth           4%         2d4       19%         1
 Inner Flame              Hex/Fire       9%         N/A       24%         3
 Volatile Blastmotes      Fire/Tloc      18%        2d11      24%         3
 Passwall                 Tmut/Erth      1%         N/A       28%         2
 Stone Arrow              Conj/Erth      8%         3d7       41%         3
 Flame Wave               Conj/Fire      11%        2d6       52%         4


Dungeon Overview and Level Annotations

Branches:
Dungeon (3/15) Zot: 1572

Altars:


Innate Abilities, Weirdness & Mutations

You passively map a small area around you.
You are easily found by Zot.
You glow in the dark.
You regain HP and MP as you explore.
You have a pair of small horns on your head.
You are frail. (-10% HP)
Your system is resistant to poisons. (rPois)


Message History

It was a potion of mutation.
You feel extremely strange. A pair of horns grows on your head!
Your +0 helmet falls away!
You feel frail.
You feel resistant to poisons. The orc closely misses you.
The orc wizard casts a spell.
The orc wizard flickers and vanishes!
You're too confused to cast spells.
The orc wizard points at you and mumbles some strange words.
The puff of flame hits something!
Unknown command.
You are too confused!
Unknown command.
You're too confused to cast spells.
Sorry, you're not good enough to have a special ability.
You feel less confused.
A puff of flame appears from out of thin air!
The puff of flame hits you.
Casting: Foxfire (safe; 6% risk of failure)
Confirm with . or Enter, or press ? or * to list all spells.
You conjure some foxfire!
The orc barely misses you.
Casting: Foxfire (safe; 6% risk of failure)
Confirm with . or Enter, or press ? or * to list all spells.
Flames lash something.
The foxfire hits the orc.
The orc is heavily wounded.
The foxfire hits the adder.
The adder is heavily wounded.
The orc wizard gestures wildly while chanting.
The orc wizard flickers and vanishes!
The orc hits you from afar with a +0 trident!
* * * LOW HITPOINT WARNING * * *
Casting: Scorch (safe; 5% risk of failure)
Confirm with . or Enter, or press ? or * to list all spells.
Flames lash something.
Reactivating autopickup.
You feel a bit more experienced. The adder bites you.
* * * LOW HITPOINT WARNING * * *
The adder barely misses you.
The orc hits you from afar with a +0 trident.
You die...

, #..#######.#
#######........#.#
*
..........####.#.#
..........####.#.##
,
............##.#..#
.)........o....#.##
.........o#)#..#.#
,
######+#...S#..#.##
, * ,#...@ยง.....#
, , * ############
, , , , , * * , * ,
, *, ,, , ,, , * *
,


You could see an adder and 2 orcs.

Vanquished Creatures
  An orc wizard (D:3)
  A dart slug (D:2)
  An endoplasm (D:3)
  2 giant cockroaches (D:1)
  A goblin (D:1)
  A hobgoblin (D:1)
  2 kobolds
  2 rats
11 creatures vanquished.

Vanquished Creatures (others)
  24 foxfires
24 creatures vanquished.

Grand Total: 35 creatures vanquished

Notes
Turn   | Place    | Note
-------+----------+-------------------------------------------
     0 | D:1      | hawla the Meteoran Fire Elementalist began the quest for
                  | the Orb.
     0 | D:1      | Reached XP level 1. HP: 14/14 MP: 5/5
    53 | D:1      | Reached XP level 2. HP: 20/20 MP: 4/6
    56 | D:1      | Learned a level 2 spell: Scorch
   110 | D:1      | Reached skill level 4 in Fire Magic
   217 | D:3      | Gained mutation: You have a pair of small horns on your
                  | head. [potion of mutation]
   217 | D:3      | Gained mutation: You are frail. (-10% HP) [potion of
                  | mutation]
   217 | D:3      | Gained mutation: Your system is resistant to poisons.
                  | (rPois) [potion of mutation]
   227 | D:3      | Slain by an orc

Illustrated notes

Levels and vault maps discovered:
D:1:      lightli_iron_boxes, layout_basic
D:2:      layout_basic, basic_ecumenical_altar, uniq_robin
D:3:      layout_basic, lemuel_doored_altar, nicolae_overflow_hidden_temple,
          ashenzari_altar_1, bloody_makhleb, gup_sewer_entry_glass,
          corexii_leaking_fountain

Skill      XL: |  1  2 |
---------------+-------+-----
Fire Magic     | 4 |  4.1
Spellcasting   | 3 |  3.0
Dodging        | |  2.8
Stealth        | |  1.4
Conjurations   | |  1.2

Action                     || total
---------------------------++-------
  Melee: Unarmed           ||    12
   Cast: Foxfire           ||    17
         Scorch            ||     4
    Use: Potion            ||     1
 Armour: Robe              ||    10
  Dodge: Dodged            ||    13
